 Dungeon Crawl Stone Soup version 0.32-a0-576-g706899e69d (webtiles) character file.

Game seed: 333570623112430519

38 BeKind the Firebug (level 3, -1/21 HPs)
             Began as an Octopode Fire Elementalist on Mar 1, 2024.
             Was a Follower of Qazlal.
             Slain by a gnoll
             ... wielding a +0 spear
              (6 damage)
             ... on level 2 of the Dungeon.
             The game lasted 00:01:29 (929 turns).

BeKind the Firebug (Octopode Fire Elementalist)      Turns: 929, Time: 00:01:29

Health: -1/21      AC:  1    Str:  7    XL:     3   Next: 43%
Magic:  1/6        EV: 13    Int: 19    God:    Qazlal [*.....]
Gold:   18         SH:  1    Dex: 12    Spells: 5/6 levels left

rFire   . . .        b - +0 dagger (flame)
rCold   . . .        (no shield)
rNeg    . . .        (helmet restricted)
rPois   .            (no amulet)
rElec   .            (no ring)
rCorr   .            (no ring)
SInv    .            (no ring)
Will    .....        (no ring)
Stlth   +++          (no ring)
HPRegen 0.23/turn    (no ring)
MPRegen 0.10/turn    (no ring)
                     (no ring)

%: no passive effects
@: no status effects
A: almost no armour, amphibious, 8 rings, camouflage 1, gelatinous body 1,
(nimble swimmer 1), tentacles
a: Renounce Religion


You were on level 2 of the Dungeon.
You worshipped Qazlal.
Qazlal was aware of your devotion.
You visited 1 branch of the dungeon, and saw 2 of its levels.

You collected 18 gold pieces.

Inventory:

Hand Weapons
 b - a +0 dagger of flaming (weapon)
Scrolls
 c - a scroll of amnesia {unknown}
Potions
 a - a potion of magic
 d - a potion of ambrosia {unknown}
 e - a potion of might {unknown}


   Skills:
 + Level 2.5 Dodging
 - Level 2.6 Stealth
 + Level 2.4 Spellcasting
 + Level 1.7 Conjurations
 + Level 3.4 Fire Magic


You had 5 spell levels left.
You knew the following spells:

 Your Spells              Type           Power      Damage    Failure   Level
a - Foxfire               Conj/Fire      48%        2x1d6     5%          1

Your spell library contained the following spells:

 Spells                   Type           Power      Damage    Failure   Level
 Scorch                   Fire           30%        2d6       6%          2
 Inner Flame              Hex/Fire       8%         N/A       24%         3
 Volatile Blastmotes      Fire/Tloc      16%        2d11      24%         3
 Flame Wave               Conj/Fire      12%        2d6       50%         4


Dungeon Overview and Level Annotations

Branches:
Dungeon (2/15)

Altars:
Qazlal


Innate Abilities, Weirdness & Mutations

You cannot wear most types of armour.
You are amphibious.
You can wear up to eight rings at the same time.
Your skin changes colour to match your surroundings (Stealth+).
Your rubbery body absorbs attacks. (AC +1, EV +1)
((You are camouflaged when in or above water. (Stealth+)))
You have tentacles for arms and can constrict up to eight enemies at once.


Message History

You conjure some foxfire!
You conjure some foxfire!
You conjure some foxfire!
Your foxfire dissipates! x2
A gnoll comes into view. It is wielding a +0 club.
The gnoll shouts!
You hear a shout!
The foxfire hits the endoplasm.
The endoplasm is severely wounded.
The endoplasm barely misses you.
A gnoll comes into view. It is wielding a +0 spear.
You hit the endoplasm. You burn the endoplasm.
You kill the endoplasm!
Qazlal accepts your kill.
A gnoll comes into view. It is wielding a +0 whip.
The gnoll shouts!
Found a stone staircase leading up.
You conjure some foxfire!
The gnoll hits you with a +0 club.
You conjure some foxfire!
The foxfire hits the gnoll but does no damage.
The gnoll completely misses you. The gnoll hits you with a +0 club.
You hit the gnoll. You burn the gnoll. Your grab misses the gnoll.
You squeeze the gnoll!
The gnoll is almost dead.
The gnoll barely misses you. x2
You hit the gnoll. You burn the gnoll.
You kill the gnoll!
Qazlal accepts your kill. The gnoll barely misses you.
The gnoll hits you from afar with a +0 spear.
You are too injured to fight recklessly!
You are too injured to fight recklessly!
You are too injured to fight recklessly!
Unknown command.
Your foxfire dissipates!
Casting: Foxfire (safe; 5% risk of failure)
Confirm with . or Enter, or press ? or * to list all spells.
You conjure some foxfire!
The gnoll hits you with a +0 whip.
* * * LOW HITPOINT WARNING * * *
The gnoll hits you from afar with a +0 spear.
You die...

#.†.#######...#
#........
#.#.########.
....####.
##........... ....#
#####..#.##..
........ #.!.#..#
...(..... #...§#
.####.....§.vv#.####
.# ..########.v..#
.# .# ......v@#.# ..
. .##.###g# .. ###
#....g# ... #.....#
.## .<...#.## #
.....#. .... .. ...
.. ... ..#


You could see 2 gnolls.

Vanquished Creatures
  A gnoll (D:2)
  5 endoplasms
  6 hobgoblins
  2 ball pythons
  2 bats (D:1)
  3 frilled lizards (D:1)
  4 goblins
  A kobold (D:1)
  3 rats (D:1)
27 creatures vanquished.

Vanquished Creatures (others)
  57 foxfires
57 creatures vanquished.

Grand Total: 84 creatures vanquished

Notes
Turn   | Place    | Note
-------+----------+-------------------------------------------
     0 | D:1      | BeKind the Octopode Fire Elementalist began the quest for
                  | the Orb.
     0 | D:1      | Reached XP level 1. HP: 11/11 MP: 3/3
   137 | D:1      | Reached XP level 2. HP: 17/17 MP: 0/5
   680 | D:1      | Found a faded altar of an unknown god.
   709 | D:1      | Prayed at the altar of an unknown god.
   709 | D:1      | Became a worshipper of Qazlal Stormbringer
   709 | D:1      | Reached * piety under Qazlal
   778 | D:2      | Reached XP level 3. HP: 21/21 MP: 1/6
   929 | D:2      | Slain by a gnoll

Illustrated notes

Levels and vault maps discovered:
D:1:      dpeg_arrival_oval, layout_basic, basic_ecumenical_altar,
          minmay_pentomino_u4
D:2:      layout_basic, uniq_jessica

Action                     || total
---------------------------++-------
  Melee: Unarmed           ||    13
         Tentacles         ||     7
         Constrict         ||     7
         Dagger            ||    13
   Cast: Foxfire           ||    43
 Armour: Skin              ||    17
  Dodge: Dodged            ||    22

Table legend: (Time is in decaauts)
 A = Elapsed time spent in this place.
 B = Non-inter-level travel time spent in this place.
 C = Inter-level travel time spent in this place.
 D = Time resting spent in this place.
 E = Time spent auto-exploring this place.
 F = Levels seen in this place.
 G = Mean time per level.
                   A        B        C        D        E       F      G
               +--------+--------+--------+--------+--------+-----+--------+
         Total |    928 |    857 |     71 |      0 |    706 |   2 |  464.0 |
       Dungeon |    928 |    857 |     71 |      0 |    706 |   2 |  464.0 |
               +--------+--------+--------+--------+--------+-----+--------+

Top non-repeatable levels by time:
     D:1: 771 daAuts
     D:2: 156 daAuts
